Map: Ever Dream LE

Players

antagomiR

  • Race: Protoss Protoss
  • League: Gold
  • Spawn Location: 1:00

Spry - Winner!

  • Race: Zerg Zerg
  • League: Silver
  • Spawn Location: 7:00

VOD

Have the link to the VOD?

Description

Time

  • Played on: April 15, 2020, 3:29 p.m.
  • Length: 15:48
Show
View Real Time Build Order
Export as new Build Order

antagomiR Protoss 

Build Orders:  

Get SALT Encoding   

  12  0:01  Probe  
  13  0:17  Pylon  
  14  0:21  Probe  
  14  0:33  Probe  
  15  0:36  Gateway  
  15  0:45  Probe  
  16  0:53  Assimilator  
  16  0:57  Probe  
  17  1:09  Probe  
  18  1:22  Probe  
  18  1:27  Assimilator  
  18  1:34  Cybernetics Core  
  18  1:38  Probe (Chrono Boost)  
  20  1:48  Probe (Chrono Boost)  
  20  1:56  Nexus  
  21  2:08  Probe  
  21  2:09  Warp Gate (Chrono Boost), Pylon  
  21  2:19  Adept  
  23  2:27  Probe  
  24  2:39  Probe  
  24  2:41  Robotics Facility  
  25  2:51  Probe, Pylon  
  26  3:03  Probe  
  27  3:10  Probe, Gateway  
  28  3:15  Sentry (Chrono Boost)  
  30  3:25  Probe  
  31  3:27  Probe  
  31  3:31  Gateway  
  32  3:35  Observer  
  32  3:39  Stalker (Chrono Boost)  
  33  3:42  Probe x2  
  37  3:54  Probe x2  
  39  3:56  Observer  
  40  4:06  Pylon  
  40  4:08  Probe x2  
  42  4:11  Pylon  
  42  4:13  Stalker  
  44  4:18  Pylon  
  44  4:23  Assimilator  
  44  4:24  Probe x2  
  44  4:26  Assimilator  
  46  4:34  Immortal (Chrono Boost)  
  50  4:43  Probe x2  
  52  4:52  Stalker x2  
  56  4:55  Probe x2  
  59  5:07  Probe x2  
  60  5:15  Nexus  
  60  5:19  Probe, Pylon  
  61  5:21  Pylon  
  61  5:22  Stalker  
  61  5:24  Sentry x2  
  67  5:32  Immortal  
  71  5:41  Probe x2  
  73  5:45  Shield Battery  
  73  5:46  Shield Battery  
  73  5:53  Probe x2  
  73  5:55  Forge  
  75  5:59  Twilight Council  
  75  6:05  Probe x2  
  75  6:06  Gateway  
  77  6:11  Gateway  
  77  6:17  Probe x2  
  79  6:21  Immortal (Chrono Boost)  
  83  6:29  Probe  
  84  6:34  Zealot  
  84  6:35  Zealot  
  88  6:43  Photon Cannon  
  88  6:48  Photon Cannon  
  88  6:53  Protoss Ground Weapons Level 1 (Chrono Boost), Immortal  
  92  6:57  Photon Cannon  
  92  7:02  Observer  
  92  7:07  Gateway  
  92  7:08  Gateway  
  92  7:09  Phoenix  
  92  7:10  Gateway  
  92  7:12  Gateway  
  92  7:35  Probe x2  
  94  7:46  Assimilator  
  94  7:47  Probe x2  
  94  7:50  Zealot x3  
  94  7:51  Zealot x2  
  106  7:52  Assimilator  
  106  7:54  Pylon  
  106  7:57  Pylon  
  106  7:59  Dark Shrine  
  106  8:03  Photon Cannon  
  106  8:14  Immortal  
  110  8:20  Probe x3  
  113  9:19  Pylon  
  113  9:22  Pylon  
  113  9:28  Pylon  
  113  9:30  Pylon  
  113  9:33  Photon Cannon  
  113  9:39  Photon Cannon  
  113  9:41  Immortal  
  117  9:55  Dark Templar  
  117  9:57  Dark Templar  
  117  9:59  Photon Cannon  
  119  10:28  Pylon, Dark Templar x3  
  123  10:32  Pylon  
  125  10:45  Pylon  
  125  10:50  Pylon  
  125  11:03  Nexus  
  125  11:04  Photon Cannon  
  125  11:07  Gateway  
  125  11:09  Gateway  
  125  11:10  Gateway  
  119  11:48  Stalker x3  
  119  11:49  Stalker x4  
  126  12:20  Stalker  
  126  12:22  Zealot x2  
  130  12:23  Zealot x5  
  130  12:24  Zealot x2  
  146  12:37  Protoss Ground Weapons Level 2 (Chrono Boost)  
  146  12:43  Nexus  
  146  12:44  Pylon  
  146  12:47  Pylon  
  146  12:48  Gateway  
  146  12:49  Assimilator  
  145  12:51  Assimilator  
  142  13:04  Charge  
  102  13:13  Zealot x3  
  102  13:16  Dark Templar x2  
  102  13:17  Dark Templar x4  
  88  13:52  Archon x3  
  86  14:04  Immortal (Chrono Boost)  
  90  14:14  Zealot x3  
  90  14:15  Zealot x5  
  90  14:16  Zealot  
  104  14:22  Shield Battery x2  
  98  14:24  Photon Cannon  
  98  14:26  Photon Cannon  
  92  14:36  Immortal  
  58  14:47  Zealot x5  
  58  14:48  Zealot x3  
  61  14:57  Dark Templar  
  35  15:32  Zealot x2  
  35  15:33  Zealot x2  
Show
View Real Time Build Order
Export as new Build Order

Spry Zerg - Winner!

Build Orders: Pool First, Swarm Host 

Get SALT Encoding   

  12  0:02  Drone  
  13  0:09  Drone  
  14  0:18  Overlord  
  14  0:37  Drone x3  
  17  0:50  Drone  
  17  0:51  Spawning Pool  
  17  1:00  Extractor  
  17  1:02  Drone  
  17  1:12  Drone  
  18  1:21  Drone  
  19  1:32  Drone  
  20  1:39  Extractor  
  19  1:46  Queen  
  21  1:48  Hatchery  
  21  1:49  Overlord  
  20  2:01  Drone  
  21  2:09  Drone  
  22  2:27  Lair  
  22  2:45  Drone  
  22  2:46  Drone x2  
  25  3:03  Extractor  
  25  3:04  Extractor  
  23  3:10  Drone  
  23  3:11  Queen  
  26  3:13  Drone  
  27  3:31  Hatchery, Infestation Pit  
  25  3:36  Drone x4  
  25  3:37  Drone  
  30  3:58  Drone x3  
  33  4:05  Roach Warren  
  33  4:06  Drone x2  
  33  4:07  Drone  
  35  4:21  Overseer  
  35  4:34  Evolution Chamber  
  35  4:37  Evolution Chamber  
  35  4:38  Nydus Network  
  32  4:39  Overlord x2  
  32  4:41  Drone x2  
  34  4:49  Drone x2  
  34  4:50  Drone  
  34  4:52  Drone  
  38  4:58  Queen  
  40  5:02  Drone  
  41  5:08  Glial Reconstitution  
  41  5:12  Drone  
  42  5:18  Zerg Missile Weapons Level 1  
  42  5:20  Zerg Ground Armor Level 1  
  42  5:23  Drone x3  
  42  5:26  Drone  
  42  5:27  Drone  
  42  5:28  Drone  
  48  5:34  Drone x3  
  51  5:42  Swarm Host x2  
  54  5:46  Overlord  
  57  5:52  Overlord  
  57  6:03  Spine Crawler  
  56  6:07  Spine Crawler  
  55  6:12  Spine Crawler  
  55  6:17  Swarm Host x5  
  55  6:18  Swarm Host  
  69  6:25  Drone x2  
  74  6:27  Overlord  
  74  6:28  Overlord  
  74  6:45  Drone x4  
  74  6:46  Drone x4  
  82  6:54  Hive  
  82  7:00  Hydralisk Den  
  81  7:09  Extractor  
  81  7:11  Extractor  
  81  7:14  Roach  
  81  7:15  Roach x4  
  89  7:17  Overlord  
  89  7:20  Overlord x2  
  89  7:21  Overlord  
  89  7:26  Metabolic Boost  
  89  7:35  Overseer  
  89  7:38  Grooved Spines  
  89  8:05  Nydus Canal  
  89  8:13  Roach x2  
  89  8:14  Roach x3  
  99  8:49  Muscular Augments  
  99  8:52  Hydralisk x3  
  99  8:53  Hydralisk x3  
  111  8:58  Roach  
  111  8:59  Roach x4  
  111  9:01  Overlord x3  
  121  9:12  Ultralisk Cavern  
  120  9:25  Drone  
  120  9:26  Drone x2  
  120  9:28  Drone x2  
  125  9:35  Hatchery  
  125  9:36  Extractor  
  123  9:40  Extractor  
  122  10:10  Ultralisk x3  
  122  10:11  Ultralisk  
  146  10:15  Chitinous Plating  
  146  10:22  Overseer  
  146  10:46  Overlord x5  
  146  10:47  Overlord  
  146  10:51  Zerg Missile Weapons Level 2  
  146  11:03  Evolution Chamber  
  143  11:31  Overseer  
  138  11:33  Anabolic Synthesis  
  138  11:36  Overseer  
  116  12:01  Drone x3  
  116  12:02  Drone x3  
  122  12:15  Pneumatized Carapace  
  122  12:17  Drone x3  
  122  12:18  Drone x5  
  122  12:20  Queen  
  132  12:25  Queen  
  132  12:26  Drone x2  
  132  12:27  Drone  
  127  13:10  Ultralisk x5  
  127  13:11  Ultralisk x3  
  113  13:30  Zerg Melee Weapons Level 1  
  113  13:33  Adrenal Glands  
  111  13:59  Hydralisk x3  
  111  14:00  Hydralisk x3  
  123  14:51  Roach  
  123  14:52  Roach x4  
  133  14:58  Queen  
  133  14:59  Drone x2  
  137  15:00  Drone  
  137  15:03  Hydralisk x3  
  128  15:30  Nydus Canal  
Tags
 
Composition
Swarm Host
Matchup
PvZ
Opening
Pool First
Replay Pack
20200422
Spawn Locations
Cross Positions
Add a new tag
Caveats
  • Supply blocks, unpowered buildings, or Contaminate may cause inaccurate times.
  • Supply counts are checked every 10 seconds.